 Dungeon Crawl Stone Soup version 0.29.1-15-g9cfb28693d (webtiles) character file.

Game seed: 15338169080788012315

35 redmage the Digger (level 3, -2/26 HPs)
             Began as a Meteoran Earth Elementalist on Sept 14, 2023.
             Slain by an ice beast (6 damage)
             ... on level 4 of the Dungeon.
             The game lasted 00:02:02 (180 turns).

redmage the Digger (Meteoran Earth Elementalist)     Turns: 180, Time: 00:02:03

Health: -2/26      AC:  2    Str:  9    XL:     3   Next: 79%
Magic:  3/9        EV: 12    Int: 19    God:
Gold:   31         SH:  0    Dex: 14    Spells: 3/9 levels left

rFire   . . .      SeeInvis .   (no weapon)
rCold   . . .      Faith    .   (no shield)
rNeg    . . .      Spirit   .   a - +0 robe
rPois   .          Reflect  .   (no helmet)
rElec   .          Harm     .   (no cloak)
rCorr   .          Rampage  .   (no gloves)
Will    .....                   (no boots)
Stlth   +.........              (no amulet)
HPRegen 0.08/turn               (no ring)
MPRegen 0.11/turn               (no ring)

@: very slightly contaminated, glowing
A: sense surroundings 1, otherworldly, glowing, explore regen
a: no special abilities


You were on level 4 of the Dungeon.
You visited 1 branch of the dungeon, and saw 4 of its levels.

You collected 31 gold pieces.

Inventory:

Armour
 a - a +0 robe (worn)
Scrolls
 c - a scroll of poison {unknown}
Potions
 b - a potion of magic
 d - a potion of might {unknown}


   Skills:
 - Level 2.4 Dodging
 - Level 1.4 Stealth
 + Level 3.8 Spellcasting
 - Level 1.2 Transmutations
 + Level 4.5 Earth Magic


You had 3 spell levels left.
You knew the following spells:

 Your Spells              Type           Power      Damage    Failure   Level
a - Sandblast             Erth           40%        2d10      2%          1
b - Passwall              Tmut/Erth      11%        N/A       7%          2
c - Stone Arrow           Conj/Erth      24%        3d8       17%         3

Your spell library contained the following spells:

 Spells                   Type           Power      Damage    Failure   Level
 Gell's Gravitas          Tloc           3%         N/A       38%         3
 Lesser Beckoning         Tloc           3%         N/A       38%         3
 Teleport Other           Tloc           3%         N/A       38%         3
 Petrify                  Tmut/Erth      14%        N/A       41%         4


Dungeon Overview and Level Annotations

Branches:
Dungeon (4/15) Zot: 2208
 Temple: D:4-7

Altars:


Innate Abilities, Weirdness & Mutations

You passively map a small area around you.
You are easily found by Zot.
You glow in the dark.
You regain HP and MP as you explore.


Message History

You miscast Sandblast.
You are very lightly contaminated with residual magic.
Nothing appears to happen.
The ice beast hits you. The ice beast freezes you.
Unknown command.
Casting: Sandblast (safe; 2% risk of failure)
Confirm with . or Enter, or press ? or * to list all spells.
Aiming: Sandblast (safe; 2% risk of failure)
Press: ? - help, Shift-Dir - straight line, f/p - ice beast
Aim: an ice beast (83% to hit)
The blast of sand hits the ice beast!
The ice beast is moderately wounded.
The ice beast closely misses you. The ice beast barely misses you.
Unknown command.
Casting: Sandblast (safe; 2% risk of failure)
Confirm with . or Enter, or press ? or * to list all spells.
Aiming: Sandblast (safe; 2% risk of failure)
Press: ? - help, Shift-Dir - straight line, f/p - ice beast
Aim: an ice beast (moderately wounded, 83% to hit)
The blast of sand hits the ice beast!
The ice beast is severely wounded.
The ice beast hits you. The ice beast freezes you!
Unknown command.
Casting: Sandblast (safe; 2% risk of failure)
Confirm with . or Enter, or press ? or * to list all spells.
Aiming: Sandblast (safe; 2% risk of failure)
Press: ? - help, Shift-Dir - straight line, f/p - ice beast
Aim: an ice beast (severely wounded, 83% to hit)
The blast of sand misses the ice beast.
The ice beast closely misses you. x2
Unknown command.
Casting: Sandblast (safe; 2% risk of failure)
Confirm with . or Enter, or press ? or * to list all spells.
Aiming: Sandblast (safe; 2% risk of failure)
Press: ? - help, Shift-Dir - straight line, f/p - ice beast
Aim: an ice beast (severely wounded, 83% to hit)
The blast of sand hits the ice beast.
The ice beast is almost dead.
The ice beast hits you.
* * * LOW HITPOINT WARNING * * *
The ice beast freezes you.
You die...

#.####### #.#
,,.# #.# .# #.#
..# ### #.#
...# , ..#
#.########...##
* #<#
#..............
, #.#
#######.Y...##*
* #.# #@#.#.#
#.# *
#........., ,
#.. ****
....#.#.### ###
, ...##.....# *
* * #####
#.#,### , . ,
..# * * * ### ,
, , , , * *


You could see an ice beast.

Vanquished Creatures
  Jessica (D:2)
  2 endoplasms
  A goblin (D:2)
  2 hobgoblins
  A quokka (D:4)
  A frilled lizard (D:3)
  A rat (D:2)
9 creatures vanquished.

Notes
Turn   | Place    | Note
-------+----------+-------------------------------------------
     0 | D:1      | redmage the Meteoran Earth Elementalist began the quest for
                  | the Orb.
     0 | D:1      | Reached XP level 1. HP: 14/14 MP: 5/5
    39 | D:2      | Noticed Jessica
    43 | D:2      | Killed Jessica
    44 | D:2      | Reached skill level 4 in Earth Magic
    44 | D:2      | Reached XP level 2. HP: 20/20 MP: 0/7
    44 | D:2      | Reached XP level 3. HP: 26/26 MP: 0/9
    72 | D:2      | Learned a level 2 spell: Passwall
    76 | D:2      | Learned a level 3 spell: Stone Arrow
   111 | D:2      | Found a faded altar of an unknown god.
   173 | D:4      | Noticed an ice beast
   180 | D:4      | Slain by an ice beast

Illustrated notes

Levels and vault maps discovered:
D:1:      erik_arrival_orb_chamber, layout_basic, hex_medium
D:2:      layout_basic, shapermc_ecumenical_altar_flowoftime, uniq_jessica,
          uniq_robin
D:3:      layout_basic
D:4:      layout_loops_ring, serial_shops, nicolae_shop_stone,
          serial_co_window_serial, co_window_paths_b, co_window_corner_a,
          co_window_paths_b, co_window_of_opportunity_a, co_window_corner_a,
          co_window_broadway_b, co_window_broadway_a, co_window_unsneaky_path_d,
          co_window_unsneaky_path_c, co_window_broadway_c, co_window_4corner_a,
          co_window_paths_d, glass_columns_a, glass_columns_a

Skill      XL: |  1 |
---------------+----+-----
Spellcasting   | 3 |  3.8
Earth Magic    | 4 |  4.5
Dodging        | |  2.4
Stealth        | |  1.4
Transmutations | |  1.2

Action                   || total
-------------------------++-------
 Cast: Sandblast         ||    21
Dodge: Dodged            ||     7
